[Event "Titled Tuesday Blitz November 01 Early 2022"]
[White "Kamsky, Gata"]
[Black "Stoyanov, Tsvetan"]
[WhiteFideId "2000024"]
[BlackFideId "2917173"]
[WhiteElo "2666"]
[BlackElo "2349"]
[Result "1-0"]
[Round "06"]
[TimeControl "180+1"]
[Date "2022.11.01"]
[WhiteClock "0:01:27"]
[BlackClock "0:00:04"]

1. e4 c5 2. Nf3 d6 3. d4 cxd4 4. Nxd4 Nf6 5. Nc3 a6 6. a4 g6 7. Be2 Bg7 8. O-O O-O 9. Be3 Nc6 10. Qd2 Ng4 11. Bxg4 Bxg4 12. Nd5 Bd7 13. a5 Nxd4 14. Bxd4 Bxd4 15. Qxd4 Rc8 16. c4 Bc6 17. Nb6 Rc7 18. Rad1 f6 19. Rfe1 Qe8 20. b4 Qf7 21. f4 Qe6 22. h3 g5 23. f5 Qe5 24. Qxe5 fxe5 25. g4 Kf7 26. Kf2 h5 27. h4 gxh4 28. g5 Rg8 29. g6+ Kf6 30. Ke3 h3 31. Rh1 Be8 32. Nd5+ 1-0


[Site "https://www.chess.com"]

[Event "Titled Tuesday Blitz November 01 Early 2022"]
[White "Kanyamarala, Trisha"]
[Black "Sourath Biswas"]
[WhiteFideId "45004722"]
[BlackFideId "35091484"]
[WhiteElo "2099"]
[BlackElo "2164"]
[Result "0-1"]
[Round "06"]
[TimeControl "180+1"]
[Date "2022.11.02"]
[WhiteClock "0:00:04"]
[BlackClock "0:00:33"]

1. c4 Nf6 2. Nc3 g6 3. g3 Bg7 4. Bg2 O-O 5. Nf3 d6 6. O-O c5 7. d3 Nc6 8. a3 d5 9. cxd5 Nxd5 10. Bd2 h6 11. Qc1 Nxc3 12. bxc3 Kh7 13. Rb1 Qd6 14. Be3 b6 15. Nd2 Ba6 16. a4 Rac8 17. Rd1 Rfd8 18. h4 Qf6 19. Ne4 Qe6 20. h5 Nd4 21. hxg6+ fxg6 22. Bxd4 cxd4 23. c4 Qf5 24. Kh2 Qh5+ 25. Bh3 Rc7 26. Kg2 Qxe2 27. Rd2 Qh5 28. Qa3 Bb7 29. Rh1 Rf8 30. f4 Qa5 31. Re2 Qc3 32. Qxc3 dxc3 33. Kf2 Rd8 34. Rd1 Rxc4 35. Bg2 Rxa4 36. Rc2 Bxe4 37. Bxe4 Rxe4 0-1


[Site "https://www.chess.com"]

[Event "Titled Tuesday Blitz November 01 Early 2022"]
[White "Kaplan, Ebru"]
[Black "Osmonbekov, Talaibek"]
[WhiteFideId "6315194"]
[BlackFideId "2017253"]
[WhiteElo "1941"]
[BlackElo "2135"]
[Result "0-1"]
[Round "06"]
[TimeControl "180+1"]
[Date "2022.11.02"]
[WhiteClock "0:00:45"]
[BlackClock "0:00:50"]

1. e4 c5 2. Nf3 d6 3. Bb5+ Nd7 4. O-O Nf6 5. Re1 e5 6. c3 a6 7. Bf1 Be7 8. d4 O-O 9. a4 b6 10. Nbd2 Bb7 11. d5 g6 12. g3 Nh5 13. Bg2 Ng7 14. Nf1 f5 15. Bh6 fxe4 16. N3d2 Nf6 17. c4 Qd7 18. Nxe4 Nxe4 19. Bxe4 b5 20. axb5 axb5 21. Qd3 bxc4 22. Qxc4 Rfb8 23. Ne3 Bc8 24. Qc2 Bf6 25. Nc4 Nf5 26. Bxf5 gxf5 27. f4 e4 28. h4 Ba6 29. b3 Bxa1 30. Rxa1 Bxc4 31. Rxa8 Rxa8 32. Qxc4 Qa7 33. Kh2 Qa1 0-1


[Site "https://www.chess.com"]

[Event "Titled Tuesday Blitz November 01 Early 2022"]
[White "Kotepalli, Sai Nirupama"]
[Black "Barria Zuniga, Daniel"]
[WhiteFideId "5039444"]
[BlackFideId "3400816"]
[WhiteElo "2400"]
[BlackElo "2414"]
[Result "0-1"]
[Round "06"]
[TimeControl "180+1"]
[Date "2022.11.02"]
[WhiteClock "0:00:25"]
[BlackClock "0:01:06"]

1. e4 g6 2. d3 Bg7 3. Nf3 c5 4. g3 Nc6 5. Bg2 e5 6. O-O Nge7 7. c3 O-O 8. a3 a5 9. Nh4 d5 10. f4 exf4 11. Bxf4 h6 12. Nf3 Be6 13. h4 Qd7 14. Nbd2 Rad8 15. Qe2 Rfe8 16. Rad1 Bg4 17. Qf2 d4 18. c4 f6 19. Nb3 b6 20. Rde1 g5 21. Bd2 a4 22. Nc1 Ng6 23. Nh2 Be6 24. Ne2 Nce5 25. Nc1 b5 26. cxb5 Qxb5 27. Qe2 Qxb2 28. hxg5 fxg5 29. Nf3 Bg4 30. Qd1 Rf8 31. Rf2 Nxf3+ 32. Bxf3 Bxf3 33. Rxf3 Rxf3 34. Qxf3 Qxd2 35. Rf1 Rf8 0-1


[Site "https://www.chess.com"]

[Event "Titled Tuesday Blitz November 01 Early 2022"]
[White "Kovalenko, Igor"]
[Black "Matinian, Nikita"]
[WhiteFideId "14117908"]
[BlackFideId "24129100"]
[WhiteElo "2574"]
[BlackElo "2422"]
[Result "1-0"]
[Round "06"]
[TimeControl "180+1"]
[Date "2022.11.01"]
[WhiteClock "0:01:34"]
[BlackClock "0:00:04"]

1. c4 e5 2. Nc3 Nc6 3. g3 Bb4 4. Nd5 Nf6 5. Nf3 O-O 6. Nxb4 Nxb4 7. Nxe5 Re8 8. d4 d6 9. Nd3 Nc6 10. d5 Nd4 11. Be3 Nf5 12. Bg5 h6 13. Bxf6 Qxf6 14. Bg2 h5 15. h3 a5 16. O-O a4 17. Rc1 a3 18. b3 Bd7 19. e4 Nd4 20. Qxh5 g6 21. Qd1 Kg7 22. h4 Rh8 23. f4 Rae8 24. Qd2 c5 25. Rce1 b5 26. e5 Qf5 27. exd6 bxc4 28. Nxc5 Rxe1 29. Qxd4+ 1-0


[Site "https://www.chess.com"]

[Event "Titled Tuesday Blitz November 01 Early 2022"]
[White "Kowalczyk, Pawel"]
[Black "Salem, A.R. Saleh"]
[WhiteFideId "1130641"]
[BlackFideId "9301348"]
[WhiteElo "2324"]
[BlackElo "2628"]
[Result "1-0"]
[Round "06"]
[TimeControl "180+1"]
[Date "2022.11.01"]
[WhiteClock "0:00:22"]
[BlackClock "0:00:04"]

1. e4 c5 2. Ne2 d6 3. g3 Nf6 4. Bg2 g6 5. c3 Bg7 6. d4 O-O 7. dxc5 dxc5 8. Qxd8 Rxd8 9. Be3 Ng4 10. Bxc5 Ne5 11. O-O Nbc6 12. Nd4 b6 13. Nxc6 Nxc6 14. Be3 Ba6 15. Re1 Ne5 16. Nd2 Nd3 17. Reb1 Nxb2 18. Rxb2 Bxc3 19. Rab1 Rac8 20. h4 Bd3 21. Nb3 Be5 22. f4 Bg7 23. e5 Bxb1 24. Rxb1 Rc3 25. Re1 e6 26. Kf2 Bf8 27. Re2 Ba3 28. Nd4 Bc5 29. Nc2 Rdd3 30. Bxc5 bxc5 31. Ne3 h5 32. Be4 Rd4 33. Bc2 c4 34. a4 Ra3 35. Nf1 c3 36. Ke3 Rb4 37. Kd3 Rb8 38. Re4 Ra2 39. Ne3 Rd8+ 40. Rd4 Rxd4+ 41. Kxd4 Ra1 42. Nd1 Ra3 43. Nxc3 a5 44. Kc4 Kf8 45. Bb3 Ke7 46. Na2 f6 47. Kc3 fxe5 48. fxe5 1-0


[Site "https://www.chess.com"]

[Event "Titled Tuesday Blitz November 01 Early 2022"]
[White "Kvaloy, Aksel Bu"]
[Black "Kirillov, Dmitry"]
[WhiteFideId "1528815"]
[BlackFideId "34180572"]
[WhiteElo "2178"]
[BlackElo "2095"]
[Result "0-1"]
[Round "06"]
[TimeControl "180+1"]
[Date "2022.11.02"]
[WhiteClock "0:00:29"]
[BlackClock "0:01:49"]

1. d4 d5 2. c4 e6 3. Nf3 c6 4. Nc3 dxc4 5. e3 b5 6. a4 Bb4 7. Bd2 a5 8. axb5 Bxc3 9. Bxc3 cxb5 10. b3 Bb7 11. bxc4 b4 12. Bb2 Nf6 13. Bd3 Nbd7 14. O-O O-O 15. Qc2 Qc7 16. e4 e5 17. Nxe5 Nxe5 18. dxe5 Nd7 19. f4 Nc5 20. f5 Rfd8 21. Rf3 Rxd3 22. Rxd3 Bxe4 23. f6 Nxd3 24. Qe2 Qc5+ 25. Kh1 Nf2+ 26. Kg1 Nd3+ 27. Kh1 Nxb2 28. Qxe4 Re8 29. Qg4 g6 30. Re1 Nd3 31. Qd7 Nf2+ 32. Kg1 Nh3+ 33. Kh1 Qg1+ 34. Rxg1 Nf2# 0-1


[Site "https://www.chess.com"]

[Event "Titled Tuesday Blitz November 01 Early 2022"]
[White "Laohawirapap, Prin"]
[Black "Durarbayli, Vasif"]
[WhiteFideId "6205003"]
[BlackFideId "13402935"]
[WhiteElo "2596"]
[BlackElo "2808"]
[Result "0-1"]
[Round "06"]
[TimeControl "180+1"]
[Date "2022.11.02"]
[WhiteClock "0:00:24"]
[BlackClock "0:00:24"]

1. d4 Nf6 2. Bf4 c5 3. d5 d6 4. c4 b5 5. cxb5 a6 6. bxa6 Nbd7 7. Nc3 g6 8. Nf3 Bg7 9. e3 O-O 10. h3 Qb6 11. Rb1 Bxa6 12. Bxa6 Qxa6 13. Qe2 Rfb8 14. Qxa6 Rxa6 15. Nd2 Nb6 16. e4 Na4 17. O-O Nh5 18. Bg5 Kf8 19. g4 Nf6 20. Nc4 Rb4 21. Nxa4 Rxc4 22. Nc3 Nxe4 23. Nxe4 Rxe4 24. Rfe1 Rxe1+ 25. Rxe1 f6 26. Bd2 Rxa2 27. Bc3 Bh6 28. Kg2 Bf4 29. Re4 Be5 30. Bxe5 fxe5 31. b4 Ra4 32. Re3 Rxb4 33. Ra3 Kf7 34. Ra8 h5 35. gxh5 gxh5 36. Rh8 h4 37. Kf3 Rf4+ 38. Ke3 Rd4 39. Rh7+ Ke8 40. Rh8+ Kd7 41. Rh7 c4 42. Rh8 Rd3+ 43. Ke2 Rxh3 44. Ra8 Rd3 45. Ra4 Rd4 46. Ra3 Rxd5 47. Rc3 Rd4 48. Ke3 Ke6 49. f3 Rd3+ 50. Rxd3 cxd3 0-1


[Site "https://www.chess.com"]

[Event "Titled Tuesday Blitz November 01 Early 2022"]
[White "Lauridsen, Jesper Morch"]
[Black "Aarav Dengla"]
[WhiteFideId "1401890"]
[BlackFideId "45059756"]
[WhiteElo "2258"]
[BlackElo "2257"]
[Result "1-0"]
[Round "06"]
[TimeControl "180+1"]
[Date "2022.11.02"]
[WhiteClock "0:00:30"]
[BlackClock "0:01:16"]

1. e4 c5 2. Nf3 d6 3. d4 cxd4 4. Nxd4 Nf6 5. Nc3 a6 6. Bg5 e6 7. Bc4 Be7 8. Bb3 O-O 9. O-O Bd7 10. f4 Nc6 11. f5 Qb6 12. Be3 e5 13. Nd5 Nxd5 14. exd5 exd4 15. Bf2 Ne5 16. Bxd4 Qc7 17. f6 Bxf6 18. Rxf6 gxf6 19. Qh5 Qd8 20. c3 Bg4 21. Qh6 Bf5 22. Rf1 Bg6 23. h4 Ng4 24. Qf4 h5 25. Bd1 Re8 26. Bxg4 Re4 27. Qh6 Rxg4 28. Bxf6 Qf8 29. Qh8# 1-0


[Site "https://www.chess.com"]

[Event "Titled Tuesday Blitz November 01 Early 2022"]
[White "Lawson, Eric"]
[Black "Zhu, Jiner"]
[WhiteFideId "2604116"]
[BlackFideId "8608059"]
[WhiteElo "2531"]
[BlackElo "2384"]
[Result "1/2-1/2"]
[Round "06"]
[TimeControl "180+1"]
[Date "2022.11.02"]
[WhiteClock "0:00:10"]
[BlackClock "0:00:21"]

1. d4 Nf6 2. Bg5 g6 3. Bxf6 exf6 4. e3 f5 5. c4 Bg7 6. Ne2 O-O 7. Nd2 d5 8. cxd5 Qxd5 9. Nc3 Qd8 10. g3 c6 11. Bg2 Nd7 12. O-O Nf6 13. b4 a6 14. a4 h5 15. Rb1 h4 16. b5 axb5 17. axb5 Bd7 18. bxc6 Bxc6 19. Nf3 hxg3 20. hxg3 Ng4 21. Nh2 Bxg2 22. Kxg2 Nxh2 23. Kxh2 Qd7 24. Qf3 Rab8 25. Rb6 Rfc8 26. Nd5 Rc2 27. Kg2 Ra8 28. Rxb7 Qd8 29. Ne7+ Kf8 30. Nc6 Qc8 31. Ne5 Bxe5 32. dxe5 Raa2 33. Qd5 Qe8 34. Qd6+ Kg8 35. Rb8 Rc8 36. Rfb1 Ra8 37. R8b7 Rc6 38. Qd5 Re6 39. f4 Kg7 40. Kf3 Qc8 41. Rd7 Qc6 42. Qxc6 Rxc6 43. Rbb7 Rf8 44. Rd6 Rxd6 45. exd6 Rd8 46. Rb6 Kf6 47. g4 Ke6 48. gxf5+ gxf5 49. e4 fxe4+ 50. Kxe4 Rxd6 51. Rxd6+ Kxd6 52. Kf5 Ke7 53. Ke5 f6+ 54. Kf5 Kf7 55. Ke4 Ke6 56. Ke3 Kf5 57. Kf3 Kg6 58. Kg4 f5+ 59. Kh4 Kh6 60. Kg3 Kh5 61. Kh3 Kh6 62. Kh4 Kg6 63. Kg3 Kh5 64. Kh3 Kg6 65. Kh4 Kh6 66. Kh3 Kg6 67. Kh4 1/2-1/2


[Site "https://www.chess.com"]

[Event "Titled Tuesday Blitz November 01 Early 2022"]
[White "Lazavik, Denis"]
[Black "Shipov, Sergei"]
[WhiteFideId "13515110"]
[BlackFideId "4113624"]
[WhiteElo "2437"]
[BlackElo "2763"]
[Result "1/2-1/2"]
[Round "06"]
[TimeControl "180+1"]
[Date "2022.11.01"]
[WhiteClock "0:00:09"]
[BlackClock "0:00:08"]

1. d4 d5 2. c4 dxc4 3. Nf3 a6 4. e3 e6 5. Bxc4 c5 6. O-O Nf6 7. b3 Nbd7 8. Bb2 b6 9. Nbd2 Bb7 10. Qe2 b5 11. Bd3 cxd4 12. Nxd4 Bc5 13. a4 b4 14. Rfd1 O-O 15. Rac1 Qe7 16. Nc4 Rfc8 17. Na5 Ne5 18. Nxb7 Nxd3 19. Qxd3 Qxb7 20. Nf3 Be7 21. h3 h6 22. Ne5 Nd5 23. Nc4 Bf8 24. e4 Nf4 25. Qe3 Ng6 26. Bd4 Rc7 27. Na5 Rxc1 28. Rxc1 Qd7 29. Nc4 Rc8 30. Bb2 Be7 31. g3 Bg5 32. f4 Be7 33. Kg2 Qb7 34. Qf3 Rd8 35. Rc2 Qd7 36. Qe2 Qd3 37. Na5 Qxe2+ 38. Rxe2 Rd3 39. Bc1 h5 40. h4 Bc5 41. Rc2 Be7 42. Nc6 Bd6 43. Na5 Be7 44. Rd2 Rc3 45. Bb2 Rc7 46. Nc4 f6 47. Kf3 Kf7 48. f5 Nf8 49. Bd4 Nd7 50. Ke2 exf5 51. exf5 Nc5 52. Rb2 Ne4 53. Kf3 Nc5 54. Ne3 Nd3 55. Rd2 Nc5 56. Rc2 Bd6 57. Nd5 Rc8 58. Nxb4 Rb8 59. Bxc5 Bxc5 60. Rxc5 Rxb4 61. Rc6 Rxb3+ 62. Kg2 Rb2+ 63. Kh3 Rf2 64. Rc5 Rf3 65. Ra5 Kf8 66. Kg2 Rc3 67. Rxa6 Rc4 68. Kf3 Kg8 69. a5 Ra4 70. Ra8+ Kh7 71. a6 Ra3+ 72. Kf4 Ra5 73. Ke4 g6 74. fxg6+ Kxg6 75. Kd4 Kf5 76. Ke3 Ra4 77. Kd3 Kg4 78. a7 Kh3 79. Kc3 f5 80. Kb3 Ra1 81. Kc4 Ra5 82. Kb4 Ra1 83. Kc5 Ra2 84. Kd5 Ra5+ 85. Ke6 Kg2 86. Kf6 Kf3 87. Kg6 Kxg3 88. Kxh5 f4+ 89. Kg6 f3 90. h5 f2 91. Rf8 Ra6+ 92. Kg5 Ra5+ 93. Kg6 Ra6+ 94. Kg5 Ra5+ 95. Kg6 1/2-1/2


[Site "https://www.chess.com"]

[Event "Titled Tuesday Blitz November 01 Early 2022"]
[White "Lee, Linden"]
[Black "Goltsev, Dmitry"]
[WhiteFideId "30941830"]
[BlackFideId "24176710"]
[WhiteElo "2534"]
[BlackElo "2727"]
[Result "1-0"]
[Round "06"]
[TimeControl "180+1"]
[Date "2022.11.02"]
[WhiteClock "0:01:20"]
[BlackClock "0:01:16"]

1. d4 Nf6 2. c4 e6 3. Nc3 Bb4 4. e3 b6 5. Bd3 Bb7 6. f3 O-O 7. Ne2 Qe7 8. O-O Bxc3 9. Nxc3 d6 10. e4 e5 11. d5 a5 12. Be3 Na6 13. Ne2 Nc5 14. Bc2 Nh5 15. Qd2 g6 16. Bh6 Rfe8 17. b3 Bc8 18. a3 a4 19. b4 Nb3 20. Bxb3 axb3 21. Rfb1 Ba6 22. Qc1 f5 23. Rxb3 f4 24. g4 Qh4 25. gxh5 Qxh5 26. Bxf4 exf4 27. Rc3 g5 28. Qf1 Kf7 29. Qg2 Bc8 30. Nd4 Bh3 31. Qf2 Rg8 32. Kh1 Raf8 33. Rg1 Ke7 34. c5 bxc5 35. bxc5 Bd7 36. cxd6+ cxd6 37. Rc7 Kd8 38. Rgc1 g4 39. Ne6+ Ke7 40. Rxd7+ Kf6 41. Qd4+ Kg6 42. Rg7+ Kh6 43. Rxg8 g3 44. Qg7# 1-0


[Site "https://www.chess.com"]

[Event "Titled Tuesday Blitz November 01 Early 2022"]
[White "Lewtak, Damian"]
[Black "Srebrnic, Marko"]
[WhiteFideId "1141724"]
[BlackFideId "14603616"]
[WhiteElo "2329"]
[BlackElo "2340"]
[Result "1/2-1/2"]
[Round "06"]
[TimeControl "180+1"]
[Date "2022.11.02"]
[WhiteClock "0:00:09"]
[BlackClock "0:00:18"]

1. g3 d6 2. Bg2 e5 3. c4 c6 4. Nc3 f5 5. e3 g6 6. d4 e4 7. d5 c5 8. h4 h5 9. Nh3 Bg7 10. Nf4 Kf7 11. O-O Nf6 12. f3 exf3 13. Bxf3 Re8 14. e4 fxe4 15. Nxe4 Bf5 16. Ng5+ Kg8 17. Nfe6 Qd7 18. Nxg7 Qxg7 19. Bd2 Nbd7 20. Ne6 Bxe6 21. dxe6 Ne5 22. Bc3 Nfg4 23. Bxg4 hxg4 24. Bxe5 Qxe5 25. Qxg4 Qxe6 26. Qxe6+ Rxe6 27. Rad1 Rae8 28. Rf2 Re3 29. Kg2 R8e6 30. b3 Rc3 31. Kh3 Ree3 32. Rg2 Rcd3 33. Rxd3 Rxd3 34. Re2 Kf7 35. Kg4 a6 36. Kf4 b5 37. g4 bxc4 38. bxc4 Rd4+ 39. Re4 Rd2 40. Kg5 d5 41. cxd5 Rxd5+ 42. Kh6 Rd4 43. Re3 Rxg4 44. Ra3 Rxh4+ 45. Kg5 Rd4 46. Rxa6 Rd5+ 47. Kf4 g5+ 48. Kg4 c4 49. Rc6 Ra5 50. Rxc4 Rxa2 51. Kxg5 Ra5+ 52. Kf4 Ke6 53. Re4+ Kd6 54. Ke3 Re5 55. Rxe5 Kxe5 1/2-1/2


[Site "https://www.chess.com"]

[Event "Titled Tuesday Blitz November 01 Early 2022"]
[White "Lohani, Sujana"]
[Black "Wessendorf, Thomas, Dr."]
[WhiteFideId "12311987"]
[BlackFideId "4604270"]
[WhiteElo "1691"]
[BlackElo "2280"]
[Result "0-1"]
[Round "06"]
[TimeControl "180+1"]
[Date "2022.11.02"]
[WhiteClock "0:00:01"]
[BlackClock "0:01:01"]

1. d4 Nf6 2. Nf3 e6 3. c4 c5 4. d5 exd5 5. cxd5 d6 6. Nc3 g6 7. e4 Bg7 8. h3 O-O 9. Bd3 b5 10. Nxb5 Re8 11. Nc3 Nxe4 12. Nxe4 f5 13. Nd2 fxe4 14. Nxe4 Bf5 15. f3 Qh4+ 16. Kf1 Bxe4 17. Bxe4 Nd7 18. Qe1 Qf6 19. Rb1 Rab8 20. Qg3 Rxe4 21. Bg5 Qf5 22. Qxd6 Rd4 23. Re1 Rxd5 24. Qxb8+ Nxb8 25. Re8+ Kf7 26. Rxb8 Qxg5 0-1


[Site "https://www.chess.com"]

[Event "Titled Tuesday Blitz November 01 Early 2022"]
[White "Madaminov, Mukhiddin"]
[Black "Ovchinnikov, Vsevolod"]
[WhiteFideId "14210703"]
[BlackFideId "24176842"]
[WhiteElo "2341"]
[BlackElo "2376"]
[Result "0-1"]
[Round "06"]
[TimeControl "180+1"]
[Date "2022.11.01"]
[WhiteClock "0:00:07"]
[BlackClock "0:00:07"]

1. d4 Nf6 2. Nc3 d5 3. Bf4 c6 4. e3 Bg4 5. f3 Be6 6. g4 Qb6 7. Na4 Qa5+ 8. c3 h5 9. b4 Qd8 10. g5 Nfd7 11. Bd3 b5 12. Nc5 Nxc5 13. dxc5 g6 14. Be5 Rg8 15. Ne2 Nd7 16. Bg3 Bg7 17. a4 a6 18. Nd4 Bxd4 19. exd4 Bf5 20. O-O e6 21. h4 Bxd3 22. Qxd3 f6 23. gxf6 Nxf6 24. Bf4 Nh7 25. Qe3 Kf7 26. Rfe1 Qf6 27. Kg2 g5 28. hxg5 Nxg5 29. Bxg5 Rxg5+ 30. Kf2 Rag8 31. axb5 Rg2+ 32. Kf1 Rg1+ 33. Ke2 Rxe1+ 34. Rxe1 axb5 35. Rh1 Rg2+ 36. Kf1 Rg5 37. Kf2 Rf5 38. Rh3 Rg5 39. f4 Rf5 40. Kf3 Qg7 41. Qf2 Qg4+ 42. Ke3 Qxh3+ 43. Kd2 Qg4 44. Kc2 Qxf4 45. Qe2 Qe4+ 46. Qxe4 dxe4 47. d5 exd5 48. Kd2 Rf3 49. Ke2 Rd3 0-1


[Site "https://www.chess.com"]

[Event "Titled Tuesday Blitz November 01 Early 2022"]
[White "Makhmudov, Shukhrat"]
[Black "Gireman, Ja"]
[WhiteFideId "14200775"]
[BlackFideId "5043794"]
[WhiteElo "2135"]
[BlackElo "2153"]
[Result "0-1"]
[Round "06"]
[TimeControl "180+1"]
[Date "2022.11.02"]
[WhiteClock "0:00:35"]
[BlackClock "0:00:50"]

1. e4 e6 2. Nf3 d5 3. e5 f6 4. d4 c5 5. c3 Nc6 6. a3 Qc7 7. exf6 gxf6 8. b4 c4 9. g3 Nge7 10. Bg2 e5 11. dxe5 fxe5 12. O-O Bf5 13. Nh4 Be6 14. b5 Na5 15. Qh5+ Bf7 16. Qg4 Nb3 17. Ra2 Rg8 18. Qf3 Nxc1 19. Rxc1 Bg7 20. Nf5 Nxf5 21. Qxf5 Qe7 22. Bh3 Bg6 23. Qg4 Bf6 24. Re1 Kf7 25. Qf3 Rad8 26. Bf5 Kg7 27. Bxg6 hxg6 28. Nd2 Qc5 29. Nf1 Rgf8 30. Ne3 e4 31. Qg2 Bxc3 32. Ng4 Bxe1 0-1


[Site "https://www.chess.com"]

[Event "Titled Tuesday Blitz November 01 Early 2022"]
[White "Malyi, Viacheslav"]
[Black "Korchmar, Vasiliy"]
[WhiteFideId "14123983"]
[BlackFideId "24131750"]
[WhiteElo "2529"]
[BlackElo "2694"]
[Result "1-0"]
[Round "06"]
[TimeControl "180+1"]
[Date "2022.11.02"]
[WhiteClock "0:00:24"]
[BlackClock "0:00:03"]

1. e4 c5 2. Nf3 d6 3. d4 cxd4 4. Nxd4 Nf6 5. Nc3 Nc6 6. Rg1 g6 7. g4 Bg7 8. Nb3 O-O 9. g5 Nd7 10. Be3 a6 11. Qd2 Nde5 12. Be2 b5 13. O-O-O Rb8 14. Nd4 Bd7 15. Nxc6 Bxc6 16. Bd4 Qa5 17. Kb1 b4 18. Nd5 Bxd5 19. exd5 Qxd5 20. f4 Nc4 21. Bxc4 Qxc4 22. Bxg7 Kxg7 23. Rge1 Rfe8 24. h4 e5 25. Qxd6 exf4 26. b3 Qc3 27. Rxe8 Rxe8 28. Qxf4 Re2 29. Rc1 a5 30. Qg4 Qe5 31. h5 gxh5 32. Qxh5 Rg2 33. Qh6+ Kg8 34. Rd1 Qxg5 35. Qb6 Qg6 36. Qd8+ Kg7 37. Qd4+ Kg8 38. Qd8+ Kg7 39. Qd4+ Qf6 40. Qd5 Rf2 41. Rg1+ Kh6 42. Qh1+ 1-0


[Site "https://www.chess.com"]

[Event "Titled Tuesday Blitz November 01 Early 2022"]
[White "Martinez Molina, Carlos Alberto"]
[Black "Chernobay, Artem"]
[WhiteFideId "5122708"]
[BlackFideId "4167406"]
[WhiteElo "2212"]
[BlackElo "2473"]
[Result "0-1"]
[Round "06"]
[TimeControl "180+1"]
[Date "2022.11.02"]
[WhiteClock "0:00:06"]
[BlackClock "0:00:06"]

1. d4 Nf6 2. c4 e6 3. Nc3 Bb4 4. Bd2 O-O 5. Nf3 d5 6. e3 b6 7. Be2 Bb7 8. O-O a6 9. Rc1 dxc4 10. Bxc4 Nbd7 11. a3 Bd6 12. Qe2 e5 13. dxe5 Nxe5 14. Nxe5 Bxe5 15. Rfd1 Qe7 16. Be1 c5 17. Nd5 Nxd5 18. Bxd5 Rad8 19. Bxb7 Qxb7 20. Bc3 Bxc3 21. Rxc3 h6 22. h3 Qe4 23. Rcd3 Rxd3 24. Qxd3 Qxd3 25. Rxd3 Rb8 26. Rd7 b5 27. Rc7 c4 28. Kf1 a5 29. Ke2 g6 30. Kd2 h5 31. Kc3 Kg7 32. Ra7 b4+ 33. Kxc4 bxa3 34. bxa3 Rb2 35. Rxa5 Rxf2 36. a4 Rxg2 37. Rb5 Rg3 38. Rb3 Rxh3 39. a5 Rh1 40. a6 Ra1 41. Kb5 Kf6 42. Rb4 g5 43. Ra4 Rb1+ 44. Kc6 Rb8 45. Kc7 Rg8 46. a7 h4 47. Kd6 h3 48. e4 Ra8 49. Ra1 h2 50. e5+ Kf5 51. Rh1 Rxa7 52. Rxh2 g4 53. Rf2+ Ke4 54. e6 Ra6+ 55. Kd7 fxe6 56. Ke7 g3 57. Rb2 Kf3 58. Kf6 g2 59. Rb3+ Kf2 60. Rb2+ Kg3 61. Kg5 g1=Q 62. Rb3+ Kf2+ 63. Kh4 Ra4+ 64. Kh5 Qh2+ 65. Rh3 Qxh3+ 0-1


[Site "https://www.chess.com"]

[Event "Titled Tuesday Blitz November 01 Early 2022"]
[White "Martinez, Shawn"]
[Black "Shandrygin, Nikita"]
[WhiteFideId "2039770"]
[BlackFideId "24198668"]
[WhiteElo "2174"]
[BlackElo "2323"]
[Result "0-1"]
[Round "06"]
[TimeControl "180+1"]
[Date "2022.11.02"]
[WhiteClock "0:00:03"]
[BlackClock "0:00:38"]

1. e4 c5 2. Nc3 e6 3. g3 d5 4. Bg2 d4 5. Nb5 a6 6. Na3 Nc6 7. d3 e5 8. Ne2 Bd6 9. O-O Nge7 10. c3 O-O 11. Nc4 Bc7 12. a4 Rb8 13. cxd4 cxd4 14. f4 b5 15. axb5 axb5 16. Na3 Ra8 17. Bd2 Ba6 18. Qb3 Kh8 19. Rac1 f6 20. Bh3 Ba5 21. Qd1 Bxd2 22. Qxd2 Na5 23. Rc2 b4 24. Qxb4 Bxd3 25. Rd2 Nec6 26. Qc5 Nb3 27. Qxc6 Nxd2 28. Rd1 Bxe4 29. Qb5 Nf3+ 30. Kf2 Qb8 31. Bg2 d3 32. Nc3 exf4 33. Bxf3 fxg3+ 34. hxg3 Qa7+ 35. Kg2 Rab8 0-1


[Site "https://www.chess.com"]

[Event "Titled Tuesday Blitz November 01 Early 2022"]
[White "Matveeva, Olga"]
[Black "Schut, Han"]
[WhiteFideId "24107018"]
[BlackFideId "1005561"]
[WhiteElo "2055"]
[BlackElo "2024"]
[Result "1-0"]
[Round "06"]
[TimeControl "180+1"]
[Date "2022.11.02"]
[WhiteClock "0:00:34"]
[BlackClock "0:00:03"]

1. d4 Nf6 2. c4 g6 3. g3 d5 4. cxd5 Nxd5 5. Nf3 Bg7 6. Bg2 O-O 7. O-O c5 8. dxc5 Nb4 9. Nc3 N8c6 10. a3 Qxd1 11. Rxd1 Na6 12. Be3 Be6 13. Nd4 Nxd4 14. Bxd4 Bxd4 15. Rxd4 Nxc5 16. Rad1 Rab8 17. b4 Nb3 18. R4d3 a5 19. Nd5 Bxd5 20. Bxd5 a4 21. Bxb3 axb3 22. Rxb3 Rfd8 23. Rbd3 Rxd3 24. Rxd3 Kf8 25. Kg2 Ke8 26. Kf3 Rc8 27. g4 Rc4 28. h3 e6 29. Ke3 Ke7 30. f4 f5 31. Kf3 Rc1 32. g5 Rc7 33. Ke3 Rc4 34. h4 Re4+ 35. Kf3 e5 36. fxe5 Rxh4 37. Rc3 Kd7 38. e6+ Kxe6 39. Rc7 Rh3+ 40. Kf2 Rxa3 41. Rxh7 b6 42. Rb7 f4 43. Rxb6+ Kf5 44. Rb5+ Kg4 45. Re5 Rb3 46. b5 Rb2 47. Ke1 Rb1+ 48. Kd2 Rb2+ 49. Kd3 Rb3+ 50. Kc4 Rb1 51. Kc5 Rb2 52. b6 Rc2+ 53. Kd6 Rd2+ 54. Kc6 Rc2+ 55. Kd7 Rd2+ 56. Kc7 Rc2+ 57. Kb8 f3 58. exf3+ Kxf3 59. b7 Kf4 60. Rb5 Rd2 61. Ka7 Rc2 62. b8=Q+ 1-0


[Site "https://www.chess.com"]

[Event "Titled Tuesday Blitz November 01 Early 2022"]
[White "Mekhitarian, Krikor Sevag"]
[Black "Grandelius, Nils"]
[WhiteFideId "2107660"]
[BlackFideId "1710400"]
[WhiteElo "2614"]
[BlackElo "2617"]
[Result "0-1"]
[Round "06"]
[TimeControl "180+1"]
[Date "2022.11.01"]
[WhiteClock "0:00:01"]
[BlackClock "0:00:33"]

1. e4 e5 2. Nf3 Nc6 3. Bb5 Nf6 4. O-O Nxe4 5. d4 Nd6 6. Bxc6 dxc6 7. dxe5 Nf5 8. Qxd8+ Kxd8 9. Nc3 Ne7 10. Rd1+ Ke8 11. h3 Ng6 12. a3 h6 13. Be3 Be7 14. Rd2 Bd7 15. Rad1 Be6 16. Nd4 Nxe5 17. Nxe6 fxe6 18. Re2 Nc4 19. Bc1 Kf7 20. Rde1 Rad8 21. Rxe6 Bf6 22. R6e4 Nxa3 23. bxa3 Bxc3 24. Re7+ Kf8 25. R1e3 Bd4 26. R3e4 Bc5 27. R7e5 Rd1+ 28. Re1 Rxe1+ 29. Rxe1 Kf7 30. a4 Rd8 31. Bf4 Rd4 32. Be3 Rc4 33. Bxc5 Rxc5 34. Rb1 b6 35. Rb2 a5 36. Ra2 Rd5 37. f3 Rd2 38. Kh2 Ke6 39. Kg3 Kd5 40. h4 Kc4 0-1


[Site "https://www.chess.com"]

[Event "Titled Tuesday Blitz November 01 Early 2022"]
[White "Mesa Cruz, Juan Carlos"]
[Black "Gheorghiu, Calin"]
[WhiteFideId "6423400"]
[BlackFideId "1200305"]
[WhiteElo "2059"]
[BlackElo "2225"]
[Result "0-1"]
[Round "06"]
[TimeControl "180+1"]
[Date "2022.11.02"]
[WhiteClock "0:00:20"]
[BlackClock "0:00:57"]

1. e4 e6 2. Qe2 e5 3. c3 Nc6 4. g3 Nf6 5. Bg2 d5 6. exd5 Nxd5 7. d4 Bf5 8. dxe5 Bc5 9. Qc4 Nxe5 10. Qxd5 Qe7 11. Ne2 Rd8 12. Qxb7 Nd3+ 13. Kf1 Nxc1 14. Bc6+ Kf8 15. Nd4 Bh3+ 16. Bg2 Qe2+ 0-1


[Site "https://www.chess.com"]